 Dungeon Crawl Stone Soup version 0.30.0-17-ge0270778cf (webtiles) character file.

Game seed: 7739674175158120183

57 Dordric the Firebug (level 3, 26/26 HPs)
             Began as a Draconian Fire Elementalist on May 17, 2023.
             Quit the game on level 2 of the Dungeon on May 22, 2023.
             The game lasted 00:03:07 (1583 turns).

Dordric the Firebug (Draconian Fire Elementalist)   Turns: 1583, Time: 00:03:07

Health: 26/26      AC:  5    Str: 10    XL:     3   Next: 73%
Magic:  6/6        EV: 12    Int: 17    God:
Gold:   121        SH:  0    Dex: 11    Spells: 3/6 levels left

rFire   . . .        e - +2 dagger (venom)
rCold   . . .        (no shield)
rNeg    . . .        (body armour unavailable)
rPois   .            (helmet restricted)
rElec   .            (no cloak)
rCorr   .            (no gloves)
SInv    .            (no boots)
Will    .....        (no amulet)
Stlth   ++           (no ring)
HPRegen 0.24/turn    (no ring)
MPRegen 0.10/turn

%: no passive effects
@: no status effects
A: AC +5, unfitting armour, cold-blooded
a: no special abilities


You were on level 2 of the Dungeon.
You visited 1 branch of the dungeon, and saw 2 of its levels.

You collected 121 gold pieces.

Inventory:

Hand Weapons
 e - a +2 dagger of venom (weapon)
Missiles
 i - a throwing net
Scrolls
 b - 2 scrolls of fear {unknown}
 c - 2 scrolls of vulnerability {unknown}
 d - a scroll of enchant armour {unknown}
 f - 2 scrolls of identify {unknown}
 g - 2 scrolls of immolation {unknown}
 h - 2 scrolls of noise {unknown}
 j - a scroll of enchant weapon {unknown}
 k - a scroll of butterflies {unknown}
Potions
 a - a potion of magic


   Skills:
 - Level 1.7 Dodging
 - Level 1.7 Stealth
 - Level 2.0 Spellcasting
 - Level 1.0 Conjurations
 + Level 4.7 Fire Magic


You had 3 spell levels left.
You knew the following spells:

 Your Spells              Type           Power      Damage    Failure   Level
a - Foxfire               Conj/Fire      44%        2x1d6     6%          1
b - Scorch                Fire           34%        2d6       4%          2

Your spell library contained the following spells:

 Spells                   Type           Power      Damage    Failure   Level
 Inner Flame              Hex/Fire       9%         N/A       22%         3
 Volatile Blastmotes      Fire/Tloc      18%        2d11      22%         3
 Flame Wave               Conj/Fire      11%        2d6       52%         4
 Fulminant Prism          Conj/Hex       1%         3d5       83%         4
 Iskenderun's Mystic Bla  Conj/Tloc      3%         2d3       83%         4
 Lee's Rapid Deconstruct  Erth           0%         3d4*      99%         5


Dungeon Overview and Level Annotations

Branches:
Dungeon (2/15)

Altars:


Innate Abilities, Weirdness & Mutations

Your plain brown scales are hard. (AC +5)
You cannot fit into any form of body armour.
You are cold-blooded and may be slowed by cold attacks.


Message History

The endoplasm quivers.
The goblin barely misses you.
You hit the goblin.
You kill the goblin!
You see here a +0 club.
You hit the endoplasm.
The endoplasm is heavily wounded.
The endoplasm closely misses you.
You hit the endoplasm.
You kill the endoplasm!
No target in view!
No target in view!
No target in view!
No target in view!
No target in view!
No target in view!
No target in view!
No target in view!
No target in view!
No target in view!
No target in view!
No target in view!
No target in view!
No target in view!
No target in view!
No target in view!
No target in view!
No target in view!
No target in view!
No target in view!
No target in view!
Found a stone staircase leading up.
Found a stone staircase leading down.
A worm comes into view.
Found a scroll labelled PAMI NOAHIK and a red potion.
A worm is nearby!
A worm is nearby!
Welcome back, Dordric the Draconian Fire Elementalist.
Press ? for a list of commands and other information.
Are you sure you want to abandon this character and quit the game? (Confirm with "yes".)

.####### w.# .......#
#... ....##>.....# #.##
.....#......###
......#........!
#..#..#....?.... #
#..#.........<..
#.#..#.#.......###
.........@......?
#.......####.###
##.#........... ######
#..#....#... .....> #
#.......... ......
#.##.#####.### ######
#..........#
####.####################
#........)............


You could see a worm (asleep).

Vanquished Creatures
  2 worms (D:2)
  A dart slug (D:1)
  8 endoplasms
  2 giant cockroaches (D:1)
  5 quokkas
  5 ball pythons (D:1)
  4 bats
  A frilled lizard (D:2)
  11 goblins
  3 kobolds
  2 rats (D:1)
44 creatures vanquished.

Vanquished Creatures (others)
  42 foxfires (D:1)
42 creatures vanquished.

Grand Total: 86 creatures vanquished

Notes
Turn   | Place    | Note
-------+----------+-------------------------------------------
     0 | D:1      | Dordric the Draconian Fire Elementalist began the quest for
                  | the Orb.
     0 | D:1      | Reached XP level 1. HP: 14/14 MP: 3/3
   145 | D:1      | Upgraded the game from 0.30.0-13-g156ef70053 to
                  | 0.30.0-15-g856e2d3f33
   163 | D:1      | Reached XP level 2. HP: 15/20 MP: 5/5
   479 | D:1      | Reached skill level 4 in Fire Magic
   738 | D:1      | Learned a level 2 spell: Scorch
   794 | D:1      | Reached XP level 3. HP: 26/26 MP: 1/6
  1583 | D:2      | Upgraded the game from 0.30.0-15-g856e2d3f33 to
                  | 0.30.0-17-ge0270778cf
  1583 | D:2      | Quit the game

Illustrated notes

Levels and vault maps discovered:
D:1:      scummos_arrival_forest, layout_loops_cross
D:2:      layout_basic, uniq_sigmund, uniq_robin

Skill      XL: |  1  2 |
---------------+-------+-----
Fire Magic     | 4 |  4.7
Dodging        | |  1.7
Stealth        | |  1.7
Spellcasting   | |  2.0
Conjurations   | |  1.0

Action                     || total
---------------------------++-------
  Melee: Unarmed           ||    50
         Tailslap          ||     9
         Dagger            ||    24
   Cast: Foxfire           ||    26
         Scorch            ||    12
    Use: Potion            ||     1
   Stab: Sleeping          ||     2
 Armour: Skin              ||    23
  Dodge: Dodged            ||    37
